[ AOE2 MATCH · #476085971 ]
Team RMMalians vs Spanish
[ REPLAY ANALYSIS · EXTRACTED FROM THE RECORDED GAME ]
Feudal
—
Castle
—
Imperial
—
| APM avg | 16.1 |
| APM peak | 93 |
| eAPM avg | 14.4 |
| Villagers / military | 167 / 280 |
Focus
⚔️ 43.0% · 🌾 57.0%
Knight ×115 · Skirmisher ×62 · Spearman ×39 · Gbeto ×33 · Bombard Cannon ×31
Feudal
12:27
Castle
16:22
Imperial
34:56
| APM avg | 27.6 |
| APM peak | 106 |
| eAPM avg | 20.0 |
| Villagers / military | 136 / 246 |
Focus
⚔️ 33.1% · 🌾 66.9%
Hand Cannoneer ×95 · Battle Elephant ×86 · Archer ×43 · Trade Cart ×16 · Skirmisher ×10 · Scout Cavalry ×6
Feudal
12:13
Castle
19:28
Imperial
30:23
| APM avg | 30.6 |
| APM peak | 94 |
| eAPM avg | 22.7 |
| Villagers / military | 145 / 362 |
Focus
⚔️ 45.6% · 🌾 54.4%
Spearman ×178 · Knight ×114 · Conquistador ×34 · Bombard Cannon ×18 · Battering Ram ×14 · Trebuchet (Packed) ×4
Feudal
13:36
Castle
19:47
Imperial
32:13
| APM avg | 18.2 |
| APM peak | 35 |
| eAPM avg | 16.0 |
| Villagers / military | 129 / 642 |
Focus
⚔️ 36.5% · 🌾 63.5%
Spearman ×473 · Teutonic Knight ×83 · Bombard Cannon ×42 · Trade Cart ×23 · Militia ×17 · Scorpion ×12
Match map
Resources at game start + every placement click. Thick line = wall · dashed box = detected house wall. 🟡 gold · ⚪ stone · 🟢 berries · 🔶 boar · ⭕ relic
Inputs per minute
— frizboum - - ^3*Achmed*
Build order — frizboum
First 150 of 646 actions detected
| 0:02 | Create | Villager (Male) |
| 0:11 | Build | House |
| 0:12 | Build | House |
| 0:19 | Research | Loom |
| 0:20 | Create | Villager (Male) |
| 0:20 | Create | Villager (Male) |
| 0:20 | Create | Villager (Male) |
| 0:21 | Create | Villager (Male) |
| 0:54 | Build | Palisade Wall |
| 1:06 | Build | Palisade Wall |
| 1:29 | Build | Building 796 |
| 2:23 | Build | Lumber Camp |
| 2:27 | Create | Villager (Male) |
| 3:04 | Create | Villager (Male) |
| 3:04 | Create | Villager (Male) |
| 3:20 | Create | Villager (Male) |
| 3:53 | Create | Villager (Male) |
| 3:54 | Create | Villager (Male) |
| 4:18 | Create | Villager (Male) |
| 4:27 | Create | Villager (Male) |
| 5:12 | Create | Villager (Male) |
| 5:12 | Create | Villager (Male) |
| 5:13 | Create | Villager (Male) |
| 5:23 | Build | House |
| 5:25 | Build | House |
| 5:54 | Create | Villager (Male) |
| 5:55 | Create | Villager (Male) |
| 6:14 | Create | Villager (Male) |
| 6:27 | Build | Mill |
| 6:56 | Create | Villager (Male) |
| 6:56 | Create | Villager (Male) |
| 6:56 | Create | Villager (Male) |
| 7:41 | Create | Villager (Male) |
| 7:41 | Create | Villager (Male) |
| 7:41 | Create | Villager (Male) |
| 8:30 | Create | Villager (Male) |
| 8:50 | Create | Villager (Male) |
| 8:56 | Build | Mining Camp |
| 9:05 | Build | House |
| 9:06 | Build | House |
| 9:19 | Create | Villager (Male) |
| 9:45 | Build | Mining Camp |
| 9:55 | Research | Feudal Age |
| 10:08 | Build | House |
| 10:15 | Build | House |
| 10:16 | Build | House |
| 10:21 | Create | Villager (Male) |
| 10:43 | Create | Villager (Male) |
| 11:10 | Build | House |
| 11:47 | Build | Mining Camp |
| 11:53 | Create | Villager (Male) |
| 12:05 | Build | House |
| 12:06 | Build | House |
| 12:08 | Build | House |
| 12:32 | Research | Double-Bit Axe |
| 12:40 | Research | Horse Collar |
| 13:02 | Create | Villager (Male) |
| 13:11 | Build | Stone Wall |
| 13:17 | Build | Building 665 |
| 13:25 | Research | Wheelbarrow |
| 13:41 | Build | Mill |
| 13:50 | Create | Villager (Male) |
| 13:51 | Create | Villager (Male) |
| 14:04 | Build | Outpost |
| 14:07 | Create | Villager (Male) |
| 14:51 | Build | Stone Wall |
| 14:58 | Build | Building 490 |
| 15:05 | Create | Villager (Male) |
| 15:19 | Build | Farm |
| 15:20 | Build | Farm |
| 15:22 | Build | Farm |
| 15:24 | Build | Farm |
| 15:32 | Build | Farm |
| 15:52 | Build | Farm |
| 15:54 | Build | Farm |
| 16:20 | Build | Farm |
| 16:22 | Create | Villager (Male) |
| 16:24 | Create | Villager (Male) |
| 16:33 | Create | Villager (Male) |
| 17:17 | Create | Villager (Male) |
| 17:24 | Research | Stone Mining |
| 17:33 | Build | Farm |
| 17:46 | Create | Villager (Male) |
| 18:45 | Build | Mining Camp |
| 18:55 | Build | Mining Camp |
| 18:57 | Create | Villager (Male) |
| 19:09 | Build | Farm |
| 19:21 | Create | Villager (Male) |
| 19:27 | Create | Villager (Male) |
| 19:42 | Build | Blacksmith |
| 19:52 | Build | Market |
| 19:56 | Create | Villager (Male) |
| 19:58 | Create | Villager (Male) |
| 20:01 | Build | Farm |
| 20:27 | Build | Farm |
| 20:33 | Build | Farm |
| 20:54 | Build | Farm |
| 20:58 | Research | Castle Age |
| 21:01 | Build | Farm |
| 21:21 | Build | Barracks |
| 21:24 | Create | Villager (Male) |
| 21:24 | Create | Villager (Male) |
| 21:24 | Create | Villager (Male) |
| 21:48 | Research | Gold Mining |
| 22:14 | Build | Mill |
| 22:44 | Build | Farm |
| 22:46 | Build | Farm |
| 23:07 | Build | Lumber Camp |
| 23:34 | Create | Villager (Male) |
| 24:04 | Research | Bow Saw |
| 24:12 | Create | Villager (Male) |
| 24:44 | Build | Town Center |
| 24:50 | Create | Villager (Male) |
| 24:59 | Create | Villager (Male) |
| 25:01 | Create | Villager (Male) |
| 25:43 | Build | University |
| 25:46 | Create | Villager (Male) |
| 25:52 | Research | Heavy Plow |
| 26:09 | Build | House |
| 26:11 | Build | House |
| 26:12 | Build | House |
| 26:15 | Build | House |
| 26:22 | Create | Villager (Male) |
| 26:46 | Build | Monastery |
| 26:57 | Build | Monastery |
| 27:00 | Create | Villager (Male) |
| 27:04 | Create | Villager (Male) |
| 27:04 | Create | Villager (Male) |
| 27:05 | Create | Villager (Male) |
| 27:05 | Create | Villager (Male) |
| 27:13 | Research | Murder Holes |
| 27:17 | Research | Fortified Wall (upgrade) |
| 27:27 | Create | Villager (Male) |
| 27:34 | Build | Farm |
| 27:37 | Build | Farm |
| 27:45 | Build | Farm |
| 27:52 | Research | Imperial Age |
| 28:08 | Create | Villager (Male) |
| 28:08 | Create | Villager (Male) |
| 28:09 | Create | Villager (Male) |
| 28:09 | Create | Villager (Male) |
| 28:11 | Create | Villager (Male) |
| 28:12 | Create | Villager (Male) |
| 28:39 | Research | Ballistics |
| 28:43 | Create | Villager (Male) |
| 28:56 | Research | Stone Shaft Mining |
| 29:04 | Research | Gold Shaft Mining |
| 29:08 | Create | Villager (Male) |
| 29:08 | Create | Villager (Male) |
| 29:16 | Build | Farm |
Build order — ^3*Achmed*
First 150 of 608 actions detected
| 0:07 | Build | House |
| 0:08 | Build | House |
| 0:18 | Create | Villager (Male) |
| 0:18 | Create | Villager (Male) |
| 0:18 | Create | Villager (Male) |
| 0:19 | Create | Villager (Male) |
| 0:19 | Create | Villager (Male) |
| 0:19 | Create | Villager (Male) |
| 1:06 | Build | House |
| 1:10 | Build | House |
| 1:34 | Create | Villager (Male) |
| 3:08 | Create | Villager (Male) |
| 3:08 | Create | Villager (Male) |
| 3:09 | Create | Villager (Male) |
| 3:09 | Create | Villager (Male) |
| 3:29 | Create | Villager (Male) |
| 3:57 | Build | Palisade Wall |
| 4:03 | Build | Palisade Wall |
| 4:09 | Create | Villager (Male) |
| 4:10 | Create | Villager (Male) |
| 4:54 | Create | Villager (Male) |
| 4:55 | Create | Villager (Male) |
| 4:55 | Create | Villager (Male) |
| 4:56 | Create | Villager (Male) |
| 5:50 | Create | Villager (Male) |
| 5:50 | Create | Villager (Male) |
| 6:01 | Build | Mill |
| 6:25 | Create | Villager (Male) |
| 6:25 | Create | Villager (Male) |
| 7:39 | Create | Villager (Male) |
| 7:59 | Create | Villager (Male) |
| 8:08 | Create | Villager (Male) |
| 8:50 | Build | Lumber Camp |
| 9:12 | Create | Villager (Male) |
| 9:12 | Create | Villager (Male) |
| 10:17 | Research | Feudal Age |
| 10:17 | Research | Feudal Age |
| 11:35 | Build | Farm |
| 11:35 | Build | Farm |
| 11:35 | Build | Farm |
| 11:43 | Build | Farm |
| 11:56 | Build | Farm |
| 11:57 | Build | Farm |
| 11:59 | Build | Farm |
| 12:08 | Build | Farm |
| 12:24 | Create | Villager (Male) |
| 12:24 | Create | Villager (Male) |
| 12:27 | Age | Feudal Age |
| 12:36 | Build | House |
| 12:37 | Build | House |
| 12:51 | Build | House |
| 13:15 | Build | Farm |
| 13:16 | Build | Farm |
| 13:37 | Research | Castle Age |
| 14:29 | Research | Double-Bit Axe |
| 14:33 | Research | Horse Collar |
| 15:47 | Create | Villager (Male) |
| 15:47 | Create | Villager (Male) |
| 15:51 | Create | Villager (Male) |
| 15:51 | Create | Villager (Male) |
| 16:22 | Age | Castle Age |
| 16:24 | Build | Town Center |
| 16:58 | Research | Bow Saw |
| 17:23 | Create | Villager (Male) |
| 17:24 | Create | Villager (Male) |
| 17:24 | Create | Villager (Male) |
| 17:24 | Create | Villager (Male) |
| 17:25 | Create | Villager (Male) |
| 17:25 | Create | Villager (Male) |
| 17:25 | Create | Villager (Male) |
| 17:54 | Build | Blacksmith |
| 18:05 | Create | Villager (Male) |
| 18:06 | Create | Villager (Male) |
| 18:09 | Create | Villager (Male) |
| 18:09 | Create | Villager (Male) |
| 18:14 | Research | Heavy Plow |
| 18:25 | Build | Farm |
| 18:43 | Research | Scale Barding Armor |
| 18:58 | Build | Farm |
| 19:00 | Build | Farm |
| 19:20 | Build | Town Center |
| 19:38 | Build | Town Center |
| 20:03 | Build | House |
| 20:04 | Build | House |
| 20:05 | Build | House |
| 20:06 | Build | House |
| 20:08 | Build | House |
| 20:22 | Research | Chain Barding Armor |
| 20:23 | Research | Forging |
| 20:34 | Build | Stable |
| 20:43 | Build | Stable |
| 20:48 | Create | Villager (Male) |
| 20:48 | Create | Villager (Male) |
| 20:49 | Create | Villager (Male) |
| 20:49 | Create | Villager (Male) |
| 20:55 | Build | Farm |
| 20:56 | Build | Farm |
| 20:56 | Build | Farm |
| 20:56 | Build | Farm |
| 20:57 | Build | Farm |
| 21:16 | Create | Villager (Male) |
| 21:16 | Create | Villager (Male) |
| 21:17 | Create | Villager (Male) |
| 21:33 | Build | Farm |
| 21:33 | Build | Farm |
| 21:33 | Build | Farm |
| 21:35 | Build | Farm |
| 21:36 | Build | Farm |
| 21:43 | Create | Villager (Male) |
| 21:43 | Create | Villager (Male) |
| 21:44 | Create | Villager (Male) |
| 21:44 | Create | Villager (Male) |
| 22:06 | Create | Villager (Male) |
| 22:06 | Create | Villager (Male) |
| 22:06 | Create | Villager (Male) |
| 22:20 | Build | Mining Camp |
| 22:42 | Build | Siege Workshop |
| 23:00 | Create | Villager (Male) |
| 23:00 | Create | Villager (Male) |
| 23:01 | Create | Villager (Male) |
| 23:01 | Create | Villager (Male) |
| 23:01 | Create | Villager (Male) |
| 23:01 | Create | Villager (Male) |
| 23:01 | Create | Villager (Male) |
| 23:33 | Research | Husbandry |
| 23:33 | Research | Husbandry |
| 23:46 | Build | Stable |
| 23:48 | Build | Stable |
| 23:57 | Create | Villager (Male) |
| 23:58 | Create | Villager (Male) |
| 23:59 | Create | Villager (Male) |
| 24:00 | Create | Villager (Male) |
| 24:00 | Create | Villager (Male) |
| 24:10 | Build | House |
| 24:12 | Build | House |
| 24:13 | Build | House |
| 24:14 | Build | House |
| 24:15 | Build | House |
| 24:18 | Build | House |
| 24:19 | Build | House |
| 24:21 | Build | House |
| 24:22 | Build | House |
| 24:23 | Build | House |
| 24:26 | Build | House |
| 24:27 | Build | House |
| 24:29 | Build | House |
| 24:30 | Build | House |
| 24:32 | Build | House |
| 24:41 | Create | Villager (Male) |
| 24:41 | Create | Villager (Male) |
Build order — Eduard IV
First 150 of 747 actions detected
| 0:06 | Build | House |
| 0:07 | Create | Villager (Male) |
| 0:07 | Create | Villager (Male) |
| 0:07 | Create | Villager (Male) |
| 0:07 | Create | Villager (Male) |
| 0:09 | Build | House |
| 0:18 | Research | Loom |
| 0:18 | Research | Loom |
| 0:18 | Research | Loom |
| 1:09 | Build | Palisade Wall |
| 1:35 | Create | Villager (Male) |
| 2:17 | Create | Villager (Male) |
| 2:17 | Create | Villager (Male) |
| 2:18 | Create | Villager (Male) |
| 2:45 | Build | Palisade Wall |
| 2:47 | Create | Villager (Male) |
| 2:48 | Create | Villager (Male) |
| 3:21 | Create | Villager (Male) |
| 3:22 | Create | Villager (Male) |
| 3:55 | Create | Villager (Male) |
| 3:55 | Create | Villager (Male) |
| 3:56 | Create | Villager (Male) |
| 4:28 | Create | Villager (Male) |
| 4:29 | Create | Villager (Male) |
| 4:29 | Create | Villager (Male) |
| 4:30 | Build | House |
| 5:04 | Create | Villager (Male) |
| 5:05 | Create | Villager (Male) |
| 5:14 | Build | House |
| 5:48 | Create | Villager (Male) |
| 5:49 | Create | Villager (Male) |
| 5:49 | Create | Villager (Male) |
| 5:49 | Create | Villager (Male) |
| 5:49 | Create | Villager (Male) |
| 6:06 | Build | Mill |
| 6:31 | Create | Villager (Male) |
| 6:31 | Create | Villager (Male) |
| 6:31 | Create | Villager (Male) |
| 6:31 | Create | Villager (Male) |
| 7:19 | Create | Villager (Male) |
| 7:20 | Create | Villager (Male) |
| 7:20 | Create | Villager (Male) |
| 7:21 | Create | Villager (Male) |
| 7:39 | Build | Lumber Camp |
| 7:47 | Create | Villager (Male) |
| 8:16 | Build | Mill |
| 8:20 | Build | House |
| 9:07 | Create | Villager (Male) |
| 9:10 | Research | Loom |
| 9:18 | Build | Farm |
| 9:48 | Build | Farm |
| 10:03 | Research | Feudal Age |
| 10:40 | Build | Farm |
| 10:41 | Build | Farm |
| 10:42 | Build | Farm |
| 10:49 | Create | Villager (Male) |
| 10:50 | Create | Villager (Male) |
| 10:51 | Create | Villager (Male) |
| 11:06 | Build | House |
| 11:13 | Build | House |
| 12:11 | Build | Lumber Camp |
| 12:13 | Age | Feudal Age |
| 12:20 | Research | Double-Bit Axe |
| 12:39 | Research | Horse Collar |
| 12:57 | Create | Villager (Male) |
| 13:03 | Build | House |
| 13:13 | Build | Farm |
| 13:23 | Build | Farm |
| 13:30 | Build | Farm |
| 13:45 | Build | Farm |
| 13:50 | Build | Farm |
| 13:52 | Create | Villager (Male) |
| 13:53 | Create | Villager (Male) |
| 14:00 | Build | Farm |
| 14:20 | Build | Mining Camp |
| 14:26 | Create | Villager (Male) |
| 14:48 | Create | Villager (Male) |
| 15:16 | Build | House |
| 15:30 | Create | Villager (Male) |
| 15:31 | Create | Villager (Male) |
| 15:50 | Build | Market |
| 15:57 | Build | Blacksmith |
| 16:07 | Create | Villager (Male) |
| 16:43 | Research | Castle Age |
| 17:01 | Build | Mining Camp |
| 17:21 | Build | Barracks |
| 17:53 | Build | Stone Wall |
| 17:57 | Create | Villager (Male) |
| 17:57 | Create | Villager (Male) |
| 17:58 | Create | Villager (Male) |
| 18:07 | Build | House |
| 18:11 | Build | House |
| 18:16 | Build | House |
| 18:21 | Build | House |
| 18:28 | Build | House |
| 18:52 | Build | Building 487 |
| 19:28 | Age | Castle Age |
| 19:31 | Build | Town Center |
| 19:41 | Create | Villager (Male) |
| 19:42 | Create | Villager (Male) |
| 19:42 | Create | Villager (Male) |
| 19:50 | Research | Bow Saw |
| 20:34 | Create | Villager (Male) |
| 20:35 | Create | Villager (Male) |
| 20:36 | Create | Villager (Male) |
| 20:36 | Create | Villager (Male) |
| 20:36 | Create | Villager (Male) |
| 20:36 | Create | Villager (Male) |
| 20:37 | Create | Villager (Male) |
| 20:51 | Create | Villager (Male) |
| 20:51 | Create | Villager (Male) |
| 20:52 | Create | Villager (Male) |
| 21:31 | Build | Town Center |
| 21:37 | Create | Villager (Male) |
| 21:37 | Create | Villager (Male) |
| 21:37 | Create | Villager (Male) |
| 21:38 | Create | Villager (Male) |
| 21:38 | Create | Villager (Male) |
| 22:07 | Build | House |
| 22:13 | Create | Villager (Male) |
| 22:14 | Create | Villager (Male) |
| 22:14 | Create | Villager (Male) |
| 22:14 | Create | Villager (Male) |
| 22:21 | Research | Heavy Plow |
| 22:54 | Build | Farm |
| 22:54 | Build | Farm |
| 22:54 | Build | Farm |
| 22:54 | Build | Farm |
| 22:55 | Build | Farm |
| 22:55 | Build | Farm |
| 22:55 | Build | Farm |
| 22:56 | Build | Farm |
| 22:56 | Build | Farm |
| 23:08 | Build | Farm |
| 23:08 | Build | Farm |
| 23:46 | Build | University |
| 23:56 | Research | Wheelbarrow |
| 24:24 | Create | Villager (Male) |
| 24:25 | Create | Villager (Male) |
| 24:25 | Create | Villager (Male) |
| 25:02 | Build | Farm |
| 25:03 | Build | Farm |
| 25:03 | Build | Farm |
| 25:04 | Build | Farm |
| 25:04 | Build | Farm |
| 25:04 | Build | Farm |
| 25:36 | Build | Castle |
| 25:45 | Create | Villager (Male) |
| 25:45 | Create | Villager (Male) |
| 25:45 | Create | Villager (Male) |
Build order — MacuStar
First 150 of 596 actions detected
| 0:06 | Build | House |
| 0:13 | Build | Mill |
| 0:15 | Create | Villager (Male) |
| 0:15 | Create | Villager (Male) |
| 0:16 | Create | Villager (Male) |
| 0:16 | Create | Villager (Male) |
| 1:52 | Build | Palisade Wall |
| 2:05 | Create | Villager (Male) |
| 2:23 | Build | House |
| 2:39 | Create | Villager (Male) |
| 3:43 | Build | Palisade Wall |
| 3:46 | Create | Villager (Male) |
| 4:00 | Create | Villager (Male) |
| 4:33 | Build | House |
| 5:12 | Create | Villager (Male) |
| 5:12 | Create | Villager (Male) |
| 5:33 | Build | Outpost |
| 5:47 | Create | Villager (Male) |
| 6:23 | Create | Villager (Male) |
| 6:33 | Build | House |
| 6:48 | Build | Lumber Camp |
| 6:53 | Create | Villager (Male) |
| 7:06 | Create | Villager (Male) |
| 7:36 | Create | Villager (Male) |
| 8:01 | Create | Villager (Male) |
| 8:25 | Build | Mill |
| 8:28 | Create | Villager (Male) |
| 8:48 | Create | Villager (Male) |
| 9:09 | Create | Villager (Male) |
| 9:14 | Create | Villager (Male) |
| 9:42 | Build | Farm |
| 9:46 | Build | Farm |
| 9:49 | Build | Farm |
| 9:58 | Create | Villager (Male) |
| 10:01 | Create | Villager (Male) |
| 10:24 | Build | House |
| 10:41 | Build | House |
| 11:23 | Build | Farm |
| 11:24 | Build | Farm |
| 11:26 | Research | Feudal Age |
| 11:54 | Build | Mining Camp |
| 13:10 | Build | Barracks |
| 13:36 | Age | Feudal Age |
| 13:48 | Build | Farm |
| 13:55 | Build | Farm |
| 14:00 | Build | Farm |
| 14:12 | Create | Villager (Male) |
| 14:13 | Create | Villager (Male) |
| 14:49 | Create | Villager (Male) |
| 15:02 | Build | Market |
| 15:20 | Create | Villager (Male) |
| 15:22 | Create | Villager (Male) |
| 15:33 | Build | House |
| 15:41 | Build | Lumber Camp |
| 15:44 | Create | Villager (Male) |
| 15:47 | Create | Villager (Male) |
| 16:15 | Build | Blacksmith |
| 16:51 | Research | Castle Age |
| 17:02 | Research | Double-Bit Axe |
| 17:04 | Research | Horse Collar |
| 17:23 | Build | Stone Wall |
| 17:32 | Research | Gold Mining |
| 17:52 | Create | Trade Cart |
| 17:53 | Create | Trade Cart |
| 18:23 | Build | Mining Camp |
| 18:45 | Create | Trade Cart |
| 18:46 | Create | Trade Cart |
| 19:15 | Build | Farm |
| 19:15 | Build | Farm |
| 19:19 | Build | Farm |
| 19:47 | Age | Castle Age |
| 19:51 | Build | Siege Workshop |
| 20:00 | Create | Villager (Male) |
| 20:01 | Create | Villager (Male) |
| 20:01 | Create | Villager (Male) |
| 20:02 | Create | Villager (Male) |
| 20:07 | Create | Villager (Male) |
| 20:15 | Research | Bow Saw |
| 20:32 | Build | Stone Wall |
| 21:16 | Build | Monastery |
| 21:28 | Build | House |
| 21:29 | Build | House |
| 21:33 | Create | Villager (Male) |
| 21:38 | Build | House |
| 22:02 | Create | Monk |
| 22:13 | Build | University |
| 22:17 | Create | Villager (Male) |
| 22:18 | Create | Villager (Male) |
| 22:31 | Build | Lumber Camp |
| 22:45 | Create | Villager (Male) |
| 22:46 | Create | Villager (Male) |
| 22:54 | Build | Town Center |
| 23:16 | Build | Stone Wall |
| 23:40 | Build | Lumber Camp |
| 23:43 | Build | House |
| 23:44 | Build | House |
| 23:44 | Build | House |
| 23:53 | Build | Mining Camp |
| 24:09 | Research | Fortified Wall (upgrade) |
| 24:14 | Create | Villager (Male) |
| 24:14 | Create | Villager (Male) |
| 24:16 | Build | Farm |
| 24:20 | Create | Villager (Male) |
| 24:30 | Create | Villager (Male) |
| 24:37 | Build | Farm |
| 24:49 | Create | Villager (Male) |
| 24:49 | Create | Villager (Male) |
| 24:51 | Create | Villager (Male) |
| 24:58 | Build | Town Center |
| 25:09 | Build | Farm |
| 25:25 | Build | Farm |
| 25:27 | Create | Villager (Male) |
| 25:27 | Create | Villager (Male) |
| 25:39 | Build | Farm |
| 25:43 | Create | Villager (Male) |
| 25:43 | Create | Villager (Male) |
| 25:54 | Build | Farm |
| 26:02 | Create | Villager (Male) |
| 26:02 | Create | Villager (Male) |
| 26:08 | Build | Farm |
| 26:18 | Build | Stone Wall |
| 26:28 | Create | Villager (Male) |
| 26:30 | Create | Villager (Male) |
| 26:40 | Build | Farm |
| 26:40 | Build | Farm |
| 26:44 | Create | Villager (Male) |
| 26:50 | Build | Farm |
| 27:03 | Build | Market |
| 27:12 | Build | Farm |
| 27:13 | Build | Farm |
| 27:17 | Create | Villager (Male) |
| 27:17 | Create | Villager (Male) |
| 27:18 | Create | Villager (Male) |
| 27:25 | Create | Villager (Male) |
| 27:26 | Create | Villager (Male) |
| 27:31 | Build | Farm |
| 27:38 | Create | Villager (Male) |
| 27:39 | Create | Villager (Male) |
| 27:50 | Create | Villager (Male) |
| 27:50 | Create | Villager (Male) |
| 28:05 | Build | Farm |
| 28:16 | Build | Farm |
| 28:21 | Create | Villager (Male) |
| 28:23 | Create | Villager (Male) |
| 28:24 | Create | Villager (Male) |
| 28:32 | Build | Mining Camp |
| 28:41 | Build | Farm |
| 28:50 | Build | Farm |
| 29:03 | Research | Imperial Age |
| 29:11 | Create | Villager (Male) |
Match timeline
| 0:54 | frizboum · wall_segment Palisade Wall x17 |
| 1:06 | frizboum · wall_segment Palisade Wall x12 |
| 1:09 | Eduard IV · wall_segment Palisade Wall x10 |
| 1:52 | MacuStar · wall_segment Palisade Wall x13 |
| 2:45 | Eduard IV · wall_segment Palisade Wall x23 |
| 3:43 | MacuStar · wall_segment Palisade Wall x11 |
| 3:57 | ^3*Achmed* · wall_segment Palisade Wall x8 |
| 4:03 | ^3*Achmed* · wall_segment Palisade Wall x5 |
| 12:13 | Eduard IV · age_up feudal |
| 12:27 | ^3*Achmed* · age_up feudal |
| 13:10 | MacuStar · first_building Barracks |
| 13:11 | frizboum · wall_segment Stone Wall x13 |
| 13:36 | MacuStar · age_up feudal |
| 14:51 | frizboum · wall_segment Stone Wall x18 |
| 16:22 | ^3*Achmed* · age_up castle |
| 17:21 | Eduard IV · first_building Barracks |
| 17:23 | MacuStar · wall_segment Stone Wall x15 |
| 17:40 | MacuStar · first_market_buy 100 wood |
| 17:47 | MacuStar · first_market_sell 100 food |
| 17:53 | Eduard IV · wall_segment Stone Wall x27 |
| 19:28 | Eduard IV · age_up castle |
| 19:47 | MacuStar · age_up castle |
| 19:51 | MacuStar · first_building Siege Workshop |
| 20:32 | MacuStar · wall_segment Stone Wall x15 |
| 20:34 | ^3*Achmed* · first_building Stable |
| 21:16 | MacuStar · first_building Monastery |
| 21:21 | frizboum · first_building Barracks |
| 22:42 | ^3*Achmed* · first_building Siege Workshop |
| 23:03 | Eduard IV · first_market_buy 100 wood |
| 23:16 | MacuStar · wall_segment Stone Wall x14 |
| 25:36 | Eduard IV · first_building Castle |
| 26:03 | ^3*Achmed* · first_building Archery Range |
| 26:18 | MacuStar · wall_segment Stone Wall x17 |
| 26:33 | Eduard IV · wall_segment Stone Wall x40 |
| 26:46 | frizboum · first_building Monastery |
| 26:50 | Eduard IV · first_market_sell 100 wood |
| 27:41 | Eduard IV · first_building Stable |
| 30:15 | MacuStar · wall_segment Stone Wall x19 |
| 30:19 | ^3*Achmed* · first_building Castle |
| 30:23 | Eduard IV · age_up imperial |
| 31:22 | Eduard IV · first_building Siege Workshop |
| 32:13 | MacuStar · age_up imperial |
| 32:36 | frizboum · first_building Siege Workshop |
| 33:18 | MacuStar · first_building Castle |
| 34:04 | MacuStar · wall_segment Stone Wall x21 |
| 34:47 | frizboum · first_building Stable |
| 34:56 | ^3*Achmed* · age_up imperial |
| 35:13 | ^3*Achmed* · first_market_sell 100 food |
| 36:45 | frizboum · first_market_sell 100 food |
| 36:48 | frizboum · first_market_buy 100 wood |
| 39:10 | MacuStar · wall_segment Stone Wall x22 |
| 41:44 | frizboum · wall_segment Stone Wall x7 |
| 41:51 | frizboum · wall_segment Stone Wall x8 |
| 42:00 | frizboum · wall_segment Stone Wall x11 |
| 43:37 | frizboum · wall_segment Stone Wall x19 |
| 47:25 | frizboum · first_building Archery Range |
| 50:13 | frizboum · first_building Castle |
| 53:25 | frizboum · wall_segment Stone Wall x5 |
| 64:47 | ^3*Achmed* · resign |
[ AI ANALYSIS · 1 CREDIT ]
What really happened in this match?
Wolo.gg analyzes every decision: build order, eco, micro, common mistakes by bracket. Personalized analysis on WhatsApp or Discord in 30 seconds.
Civ guide
Malians
Map guide
Black Forest
Perfil
frizboum